 Dungeon Crawl Stone Soup version 0.18-a0-1689-g473dde0 (webtiles) character file.

5147 Eucla the Basher (level 10, -7/100 HPs)
             Began as a Troll Berserker on Apr 5, 2016.
             Was a High Priest of Trog.
             Mangled by an iguana (9 damage)
             ... on level 1 of the Lair of Beasts.
             The game lasted 00:13:51 (7622 turns).

Eucla the Basher (Troll Berserker)                  Turns: 7622, Time: 00:13:51

Health: -7/100     AC: 11    Str: 27    XL:     10   Next: 33%
Magic:  9/9        EV: 14    Int:  3    God:    Trog [*****.]
Gold:   336        SH:  0    Dex: 12    Spells: 0 memorised, 9 levels left

rFire  . . .     SeeInvis .     z - +0 giant spiked club
rCold  . . .     Gourm    +     N - +0 swamp dragon armour
rNeg   . . .     Faith    .     (shield currently unavailable)
rPois  +         Spirit   .     (helmet restricted)
rElec  .         Dismiss  .     O - +0 cloak
rCorr  .         Reflect  .     (gloves unavailable)
SustAt .         Harm     .     (boots unavailable)
MR     ++...     Rnd*Tele +     G - amulet of the gourmand
Stlth  +.........               C - +2 ring of evasion
                                s - ring of teleportation (curse)

@: exhausted, regenerating, slowed, very slow, very resistant to hostile
enchantments, very unstealthy
A: unfitting armour, claws 3, fast metabolism 3, gourmand, regeneration 2,
shaggy fur 1, tough skin 2
a: Berserk, Trog's Hand, Brothers in Arms, Burn Spellbooks, Renounce Religion


You were on level 1 of the Lair of Beasts.
You worshipped Trog.
Trog was extremely pleased with you.
You were not hungry.

You visited 2 branches of the dungeon, and saw 10 of its levels.

You collected 524 gold pieces.
You spent 188 gold pieces at shops.

Inventory:

Hand Weapons
 a - a +0 mace
 v - a +0 flail
 z - a +0 giant spiked club (weapon)
Armour
 b - a +0 animal skin
 f - the +2 robe of Wauttogh {rElec rPois Str-2 Int+8}
   (You bought it in a shop on level 6 of the Dungeon)

   It affects your strength (-2).
   It affects your intelligence (+8).
   It insulates you from electricity.
   It protects you from poison.
 N - a +0 swamp dragon armour (worn)
 O - a +0 cloak (worn)
Jewellery
 d - an uncursed ring of positive energy
 h - an uncursed ring of protection from magic
 p - an uncursed ring of protection from cold
 s - a cursed ring of teleportation (left claw)
 x - an uncursed ring of wizardry {unknown}
 C - a +2 ring of evasion (right claw)
 G - an amulet of the gourmand (around neck)
 J - an uncursed ring of see invisible {unknown}
Wands
 y - a wand of disintegration (12/24)
 B - a wand of random effects (18/48)
 E - a wand of digging (11/24)
 I - a wand of flame (32/48)
 R - a wand of iceblast (6/15)
 U - a wand of flame (42/48)
Scrolls
 g - 9 scrolls of remove curse {unknown}
 i - 3 scrolls of fog {unknown}
 j - 11 scrolls of identify {unknown}
 k - 3 scrolls of teleportation {unknown}
 m - 5 scrolls of enchant weapon {unknown}
 o - a scroll of blinking {unknown}
 t - a scroll of enchant armour
 Q - a scroll of torment {unknown}
 S - a scroll of recharging {unknown}
Potions
 e - a potion of heal wounds {unknown}
 l - a potion of haste {unknown}
 n - 2 potions of agility
 q - a potion of magic {unknown}
 u - 2 potions of brilliance
 w - a potion of lignification {unknown}
 A - 2 potions of mutation {unknown}
 D - 4 potions of degeneration {unknown}
 F - 3 potions of ambrosia {unknown}
 M - a potion of curing {unknown}
 T - a potion of flight
Books
 H - the Incunabulum of Feathery Shape Shifting
   (You found it on level 5 of the Dungeon)

   Spells                             Type                      Level
   a - Sticks to Snakes               Transmutation                2
   b - Passwall                       Transmutation/Earth          2
   c - Ice Form                       Ice/Transmutation            4
   d - Deflect Missiles               Charms/Air                   6
   e - Poisonous Cloud                Conjuration/Poison/Air       6
   Trog disapproves of the use of such an item.
Comestibles
 c - 4 bread rations
 r - 31 fruits
 K - a beef jerky
 L - 2 meat rations
 P - a slice of pizza


   Skills:
 + Level 6.8 Fighting
 * Level 10.4 Maces & Flails
 + Level 6.8 Dodging


You had 9 spell levels left.
You didn't know any spells.

Dungeon Overview and Level Annotations

Branches:
Dungeon (9/15)             Temple (0/1) D:6            Lair (1/8) D:9
    Orc: D:9-12

Altars:
Cheibriados
Elyvilon
Gozag
Kikubaaqudgha
Nemelex Xobeh
Qazlal
Ru
Trog

Shops:
D:6 [


Innate Abilities, Weirdness & Mutations

You are too large for most types of armour.
You have claws for hands.
Your metabolism is lightning-fast.
You like to eat raw meat.
You heal very quickly.
You are covered in fur (AC +1).
You have very tough skin (AC +2).


Message History

The wolf bites you but does no damage. The wolf misses you.
The wolf barely misses you. The iguana barely misses you.
The wolf bites you but does no damage. The wolf closely misses you.
The iguana bites you!
* * * LOW HITPOINT WARNING * * *
Unknown command.
Drink which item? (? for menu, Esc to quit)
Okay, then.
Read which item? (? for menu, Esc to quit)
Okay, then.
Your skin crawls.
You feel resistant to hostile enchantments.
You feel slightly more hungry. The wolf bites you!
* * * LOW HITPOINT WARNING * * *
The wolf bites you but does no damage. The wolf bites you.
* * * LOW HITPOINT WARNING * * *
The wolf bites you but does no damage. The iguana bites you.
* * * LOW HITPOINT WARNING * * *
The wolf closely misses you. The wolf misses you. The iguana bites you!
You die...

...........####P..#
................P.#
...................
..................#
............(.....#
.......)........###
............#...#
..........h.#..)###
......#...###...@h#
.........####..h#l.......
.........................
........................
...########............#
... ##.....#....#. .#
####.####.## ### ##


You could see 2 wolves and an iguana.

Vanquished Creatures
  Psyche (D:8)
  A komodo dragon (Lair:1)
  A yak (D:9)
  Grum (Lair:1)
  2 hippogriffs
  Menkaure (D:5)
  A phantom (D:3)
  2 sky beasts
  4 orc warriors
  2 black bears
  3 ice beasts
  6 ogres
  7 wolves
  A centaur (D:7)
  A crocodile (Lair:1)
  A big kobold (D:9)
  A gnoll sergeant (D:7)
  A giant frog (D:7)
  A scorpion (D:8)
  A howler monkey (D:8)
  An electric eel (Lair:1)
  A crimson imp (D:8)
  A giant frog zombie (D:6)
  3 centaur zombies
  2 orc priests
  5 jellies
  2 giant frog skeletons
  7 orc wizards
  4 iguanas
  3 worker ants
  A hound zombie (D:7)
  2 hound skeletons
  6 adders
  A howler monkey skeleton (D:6)
  11 gnolls
  12 river rats
  2 shadow imps
  2 adder zombies (D:8)
  An adder skeleton (D:4)
  3 worms
  A dart slug (D:1)
  5 giant geckos
  26 orcs
  2 ball pythons (D:1)
  13 bats
  4 giant cockroaches
  6 goblins
  7 hobgoblins
  21 jackals
  5 kobolds
  5 quokkas
  A giant gecko skeleton (D:8)
  3 giant newts
  7 rats
  2 fungi (D:9)
  A plant (D:9)
218 creatures vanquished.

Vanquished Creatures (others)
  5 fungi (D:9)
  7 plants (D:7)
12 creatures vanquished.

Grand Total: 230 creatures vanquished

Notes
Turn   | Place    | Note
--------------------------------------------------------------
     0 | D:1      | Eucla the Troll Berserker began the quest for the Orb.
     0 | D:1      | Reached XP level 1. HP: 22/22 MP: 0/0
   225 | D:1      | Reached skill level 3 in Maces & Flails
   229 | D:1      | Reached XP level 2. HP: 26/29 MP: 1/1
   773 | D:1      | Reached ** piety under Trog
   874 | D:2      | Reached XP level 3. HP: 33/36 MP: 2/2
  1877 | D:3      | Noticed a phantom
  1904 | D:3      | Reached XP level 4. HP: 17/44 MP: 3/3
  1917 | D:3      | Killed a phantom
  1917 | D:3      | Reached skill level 4 in Maces & Flails
  1917 | D:3      | Reached XP level 5. HP: 31/53 MP: 4/4
  2466 | D:3      | Found a white marble altar of Elyvilon.
  2636 | D:4      | Found a stormy altar of Qazlal.
  2825 | D:4      | Reached XP level 6. HP: 47/61 MP: 5/5
  2954 | D:4      | Reached skill level 5 in Maces & Flails
  3090 | D:4      | Found a sacrificial altar of Ru.
  3257 | D:5      | Entered Level 5 of the Dungeon
  3262 | D:5      | Reached *** piety under Trog
  3326 | D:5      | Found a bloodstained altar of Trog.
  3344 | D:5      | Noticed Menkaure
  3347 | D:5      | Found an opulent altar of Gozag.
  3350 | D:5      | Killed Menkaure
  3412 | D:5      | Reached XP level 7. HP: 43/68 MP: 6/6
  3871 | D:5      | Identified the Incunabulum of Feathery Shape Shifting
  4015 | D:6      | Found Nanuz's Antique Armour Boutique.
  4019 | D:6      | Bought a creamy pearl robe for 188 gold pieces
  4029 | D:6      | Identified the +2 robe of Wauttogh {rElec rPois Str-2 Int+8} (You bought it in a shop on level 6 of the Dungeon)
  4039 | D:6      | Reached skill level 6 in Maces & Flails
  4116 | D:6      | Found a sparkling altar of Nemelex Xobeh.
  4243 | D:6      | Found a staircase to the Ecumenical Temple.
  4360 | D:6      | Reached XP level 8. HP: 61/79 MP: 7/7
  4464 | D:6      | Reached skill level 7 in Maces & Flails
  4834 | D:7      | Reached skill level 5 in Fighting
  4834 | D:7      | Reached skill level 5 in Dodging
  4858 | D:7      | Reached **** piety under Trog
  5149 | D:7      | Reached skill level 8 in Maces & Flails
  5393 | D:7      | Reached XP level 9. HP: 61/88 MP: 8/8
  5516 | D:7      | Found an ancient bone altar of Kikubaaqudgha.
  5941 | D:8      | Noticed Psyche
  5950 | D:8      | Killed Psyche
  5950 | D:8      | Reached skill level 9 in Maces & Flails
  6453 | D:9      | Found a staircase to the Lair.
  6604 | D:9      | Reached ***** piety under Trog
  6786 | D:9      | Found a snail-covered altar of Cheibriados.
  7106 | D:9      | Reached XP level 10. HP: 92/100 MP: 9/9
  7121 | Lair:1   | Entered Level 1 of the Lair of Beasts
  7136 | D:9      | Reached skill level 10 in Maces & Flails
  7585 | Lair:1   | Noticed Grum
  7616 | Lair:1   | Killed Grum
  7622 | Lair:1   | HP: 5/100 [wolf[Grum] (3)]
  7622 | Lair:1   | HP: 2/100 [iguana (3)]
  7622 | Lair:1   | Mangled by an iguana

Vault maps used:
D:1:      evilmike_arrival_rings, minmay_shallow_snake_nest
D:3:      lemuel_coloured_pillars_altar, kennysheep_crisscross
D:4:      grunt_qazlal_sundering, nicolae_ru_the_path_less_chosen,
          minmay_misc_feat_pillars, minmay_misc_feat_hallway
D:5:      lemuel_crystal_altar, lemuel_round_altar, first_bread, uniq_menkaure
D:6:      nemelex_deck, minmay_temple_entry_nine_rooms, serial_shops, shop,
          grunt_decor_resistance
D:7:      kennysheep_little_box, serial_bayou_lagoon_a
D:8:      uniq_psyche
D:9:      marbit_many_paths, due_lair_maze_entry_diamond, blue_anna_alchemist
Lair:1:   infiniplex_staircase_pool, grunt_megastairs_4, uniq_erica, uniq_grum

Skill      XL: |  1  2  3  4  5  6  7  8  9 10 |
---------------+-------------------------------+-----
Maces & Flails | 3 4 5 6 8 9 10 | 10.4
Fighting       | 3 4 5 6 |  6.8
Dodging        | 3 4 5 6 |  6.8

Action                   |  1- 3 |  4- 6 |  7- 9 | 10-12 || total
-------------------------+-------+-------+-------+-------++-------
Melee: Mace              |   155 |   113 |       |       ||   268
       Flail             |       |    19 |       |       ||    19
       Giant spiked club |       |     5 |   397 |   114 ||   516
Invok: Trog's Hand       |     1 |       |       |     1 ||     2
       Berserk           |       |     1 |     1 |     2 ||     4
       Burn Spellbooks   |       |       |     1 |       ||     1
  Use: Potion            |     3 |       |       |       ||     3
       Scroll            |       |       |     4 |       ||     4
 Stab: Sleeping          |     1 |       |     1 |       ||     2
  Eat: Chunk             |    23 |     9 |    32 |     1 ||    65
       Pizza             |       |       |     3 |       ||     3
       Meat ration       |       |       |     1 |       ||     1
       Fruit             |       |       |     1 |       ||     1
